Workbook

Sheet Start Here
A1: #VALUE!
A3: Money Habits Debt Eliminator Planner Worksheet
A5: Companion to Money Habits: Practical Financial Strategies for Real Life
A6: This worksheet accompanies Chapter 4 and will help you create a debt elemination plan.
A7: Replace the sample debts with your own. Enter only in the shaded input cells; calculated cells update automatically. | H7: Estimated Time 10–15 minutes
A9: Planner Setup and Debt Snapshot
A10: Extra Monthly Payment | B10: 100 | D10: Strategy | E10: Debt Snowball | G10: Start Date | H10: 46207
A11: Total Debt | B11: =SUM(C23:C32) -> 31550 | D11: Total Minimum Payments | E11: =SUM(E23:E32) -> 755 | G11: Total Monthly Debt Budget | H11: =B10+E11 -> 855
A12: Number of Debts | B12: =COUNTIF(A23:A32,"<>") -> 6 | D12: Highest Interest Rate | E12: =IFERROR(MAX(D23:D32),"") -> 31.99 | G12: Smallest Balance | H12: =IFERROR(_xludf.MINIFS(C23:C32,C23:C32,">0"),"")
A13: Estimated Debt-Free Months | B13: ='Payoff Planner'!B7 -> 76 | D13: Estimated Debt-Free Years | E13: ='Payoff Planner'!B8 -> 6.3333333 | G13: Estimated Debt-Free Date | H13: ='Payoff Planner'!E8 -> 48522
A15: This workbook provides an estimate, not a promise. It assumes no new debt, fixed interest rates, fixed minimum payments, and that freed-up payments are rolled into the next debt.
A19: Debt Entry
A22: Debt Name | B22: Debt Type | C22: Current Balance | D22: Interest Rate % | E22: Minimum Payment | F22: Snowball Rank | G22: Avalanche Rank | H22: Selected Rank | I22: Input Status
A23: Best Buy Card | B23: Store Card | C23: 800 | D23: 31.99 | E23: 35 | F23: =IF(A23="","",1+COUNTIFS($C$23:$C$32,">0",$C$23:$C$32,"<"&C23)+COUNTIFS($C$23:C23,C23)-1) -> 1 | G23: =IF(A23="","",1+COUNTIFS($D$23:$D$32,">"&D23)+COUNTIFS($D$23:D23,D23)-1) -> 1 | H23: =IF(A23="","",IF($E$10="Debt Snowball",F23,G23)) -> 1 | I23: =IF(A23="","Blank row","Included") -> Included
A24: Capital One | B24: Credit Card | C24: 1250 | D24: 29.99 | E24: 45 | F24: =IF(A24="","",1+COUNTIFS($C$23:$C$32,">0",$C$23:$C$32,"<"&C24)+COUNTIFS($C$23:C24,C24)-1) -> 2 | G24: =IF(A24="","",1+COUNTIFS($D$23:$D$32,">"&D24)+COUNTIFS($D$23:D24,D24)-1) -> 2 | H24: =IF(A24="","",IF($E$10="Debt Snowball",F24,G24)) -> 2 | I24: =IF(A24="","Blank row","Included") -> Included
A25: Visa Platinum | B25: Credit Card | C25: 3500 | D25: 24.99 | E25: 110 | F25: =IF(A25="","",1+COUNTIFS($C$23:$C$32,">0",$C$23:$C$32,"<"&C25)+COUNTIFS($C$23:C25,C25)-1) -> 3 | G25: =IF(A25="","",1+COUNTIFS($D$23:$D$32,">"&D25)+COUNTIFS($D$23:D25,D25)-1) -> 3 | H25: =IF(A25="","",IF($E$10="Debt Snowball",F25,G25)) -> 3 | I25: =IF(A25="","Blank row","Included") -> Included
A26: ABC Personal Loan | B26: Personal Loan | C26: 4000 | D26: 11.99 | E26: 125 | F26: =IF(A26="","",1+COUNTIFS($C$23:$C$32,">0",$C$23:$C$32,"<"&C26)+COUNTIFS($C$23:C26,C26)-1) -> 4 | G26: =IF(A26="","",1+COUNTIFS($D$23:$D$32,">"&D26)+COUNTIFS($D$23:D26,D26)-1) -> 4 | H26: =IF(A26="","",IF($E$10="Debt Snowball",F26,G26)) -> 4 | I26: =IF(A26="","Blank row","Included") -> Included
A27: Federal Student Loan | B27: Student Loan | C27: 9500 | D27: 4.5 | E27: 115 | F27: =IF(A27="","",1+COUNTIFS($C$23:$C$32,">0",$C$23:$C$32,"<"&C27)+COUNTIFS($C$23:C27,C27)-1) -> 5 | G27: =IF(A27="","",1+COUNTIFS($D$23:$D$32,">"&D27)+COUNTIFS($D$23:D27,D27)-1) -> 6 | H27: =IF(A27="","",IF($E$10="Debt Snowball",F27,G27)) -> 5 | I27: =IF(A27="","Blank row","Included") -> Included
A28: Ford Motor Credit | B28: Auto Loan | C28: 12500 | D28: 6.49 | E28: 325 | F28: =IF(A28="","",1+COUNTIFS($C$23:$C$32,">0",$C$23:$C$32,"<"&C28)+COUNTIFS($C$23:C28,C28)-1) -> 6 | G28: =IF(A28="","",1+COUNTIFS($D$23:$D$32,">"&D28)+COUNTIFS($D$23:D28,D28)-1) -> 5 | H28: =IF(A28="","",IF($E$10="Debt Snowball",F28,G28)) -> 6 | I28: =IF(A28="","Blank row","Included") -> Included
F29: =IF(A29="","",1+COUNTIFS($C$23:$C$32,">0",$C$23:$C$32,"<"&C29)+COUNTIFS($C$23:C29,C29)-1) | G29: =IF(A29="","",1+COUNTIFS($D$23:$D$32,">"&D29)+COUNTIFS($D$23:D29,D29)-1) | H29: =IF(A29="","",IF($E$10="Debt Snowball",F29,G29)) | I29: =IF(A29="","Blank row","Included") -> Blank row
F30: =IF(A30="","",1+COUNTIFS($C$23:$C$32,">0",$C$23:$C$32,"<"&C30)+COUNTIFS($C$23:C30,C30)-1) | G30: =IF(A30="","",1+COUNTIFS($D$23:$D$32,">"&D30)+COUNTIFS($D$23:D30,D30)-1) | H30: =IF(A30="","",IF($E$10="Debt Snowball",F30,G30)) | I30: =IF(A30="","Blank row","Included") -> Blank row
F31: =IF(A31="","",1+COUNTIFS($C$23:$C$32,">0",$C$23:$C$32,"<"&C31)+COUNTIFS($C$23:C31,C31)-1) | G31: =IF(A31="","",1+COUNTIFS($D$23:$D$32,">"&D31)+COUNTIFS($D$23:D31,D31)-1) | H31: =IF(A31="","",IF($E$10="Debt Snowball",F31,G31)) | I31: =IF(A31="","Blank row","Included") -> Blank row
F32: =IF(A32="","",1+COUNTIFS($C$23:$C$32,">0",$C$23:$C$32,"<"&C32)+COUNTIFS($C$23:C32,C32)-1) | G32: =IF(A32="","",1+COUNTIFS($D$23:$D$32,">"&D32)+COUNTIFS($D$23:D32,D32)-1) | H32: =IF(A32="","",IF($E$10="Debt Snowball",F32,G32)) | I32: =IF(A32="","Blank row","Included") -> Blank row

Sheet Payoff Planner
A1: Money Habits Debt Eliminator Payoff Planner
A3: This planner estimates the payoff order based on the strategy selected on Start Here. Payment When Focused shows the estimated amount directed to each debt when it becomes the focus debt. As earlier debts are paid off, their minimum payments roll into the next debt.
A6: Selected Strategy | B6: ='Start Here'!E10 -> Debt Snowball | D6: Extra Monthly Payment | E6: ='Start Here'!B10 -> 100
A7: Estimated Total Months | B7: =SUM(H14:H23) -> 76 | D7: Total Interest Estimate | E7: =SUM(J14:J23) -> 3500
A8: Estimated Total Years | B8: =B7/12 -> 6.3333333 | D8: Estimated Debt-Free Date | E8: =EDATE('Start Here'!H10,B7) -> 48522
A9: Total Monthly Debt Budget | B9: ='Start Here'!H11 -> 855 | D9: Starting Debt | E9: ='Start Here'!B11 -> 31550
A13: Order | B13: Debt Name | C13: Debt Type | D13: Balance Owed | E13: Interest Rate % | F13: Minimum Payment | G13: Payment When Focused | H13: Est. Months | I13: Est. Years | J13: Interest Estimate
A14: 1 | B14: =IFERROR(INDEX('Start Here'!$A$23:$A$32,MATCH(A14,'Start Here'!$H$23:$H$32,0)),"") -> Best Buy Card | C14: =IFERROR(INDEX('Start Here'!$B$23:$B$32,MATCH(A14,'Start Here'!$H$23:$H$32,0)),"") -> Store Card | D14: =IFERROR(INDEX('Start Here'!$C$23:$C$32,MATCH(A14,'Start Here'!$H$23:$H$32,0)),"") -> 800 | E14: =IFERROR(INDEX('Start Here'!$D$23:$D$32,MATCH(A14,'Start Here'!$H$23:$H$32,0)),"") -> 31.99 | F14: =IFERROR(INDEX('Start Here'!$E$23:$E$32,MATCH(A14,'Start Here'!$H$23:$H$32,0)),"") -> 35 | G14: =IF(B14="","",IF(D14<=0,0,F14+'Start Here'!$B$10)) -> 135 | H14: =IF(B14="","",IF(G14<=0,"",IFERROR(ROUNDUP(NPER(E14/100/12,-G14,D14),0),ROUNDUP(D14/G14,0)))) -> 7 | I14: =IF(B14="","",H14/12) -> 0.58333333 | J14: =IF(B14="","",MAX((G14*H14)-D14,0)) -> 145
A15: 2 | B15: =IFERROR(INDEX('Start Here'!$A$23:$A$32,MATCH(A15,'Start Here'!$H$23:$H$32,0)),"") -> Capital One | C15: =IFERROR(INDEX('Start Here'!$B$23:$B$32,MATCH(A15,'Start Here'!$H$23:$H$32,0)),"") -> Credit Card | D15: =IFERROR(INDEX('Start Here'!$C$23:$C$32,MATCH(A15,'Start Here'!$H$23:$H$32,0)),"") -> 1250 | E15: =IFERROR(INDEX('Start Here'!$D$23:$D$32,MATCH(A15,'Start Here'!$H$23:$H$32,0)),"") -> 29.99 | F15: =IFERROR(INDEX('Start Here'!$E$23:$E$32,MATCH(A15,'Start Here'!$H$23:$H$32,0)),"") -> 45 | G15: =IF(B15="","",IF(D15<=0,0,F15+'Start Here'!$B$10+SUM($F$14:F14))) -> 180 | H15: =IF(B15="","",IF(G15<=0,"",IFERROR(ROUNDUP(NPER(E15/100/12,-G15,D15),0),ROUNDUP(D15/G15,0)))) -> 8 | I15: =IF(B15="","",H15/12) -> 0.66666667 | J15: =IF(B15="","",MAX((G15*H15)-D15,0)) -> 190
A16: 3 | B16: =IFERROR(INDEX('Start Here'!$A$23:$A$32,MATCH(A16,'Start Here'!$H$23:$H$32,0)),"") -> Visa Platinum | C16: =IFERROR(INDEX('Start Here'!$B$23:$B$32,MATCH(A16,'Start Here'!$H$23:$H$32,0)),"") -> Credit Card | D16: =IFERROR(INDEX('Start Here'!$C$23:$C$32,MATCH(A16,'Start Here'!$H$23:$H$32,0)),"") -> 3500 | E16: =IFERROR(INDEX('Start Here'!$D$23:$D$32,MATCH(A16,'Start Here'!$H$23:$H$32,0)),"") -> 24.99 | F16: =IFERROR(INDEX('Start Here'!$E$23:$E$32,MATCH(A16,'Start Here'!$H$23:$H$32,0)),"") -> 110 | G16: =IF(B16="","",IF(D16<=0,0,F16+'Start Here'!$B$10+SUM($F$14:F15))) -> 290 | H16: =IF(B16="","",IF(G16<=0,"",IFERROR(ROUNDUP(NPER(E16/100/12,-G16,D16),0),ROUNDUP(D16/G16,0)))) -> 15 | I16: =IF(B16="","",H16/12) -> 1.25 | J16: =IF(B16="","",MAX((G16*H16)-D16,0)) -> 850
A17: 4 | B17: =IFERROR(INDEX('Start Here'!$A$23:$A$32,MATCH(A17,'Start Here'!$H$23:$H$32,0)),"") -> ABC Personal Loan | C17: =IFERROR(INDEX('Start Here'!$B$23:$B$32,MATCH(A17,'Start Here'!$H$23:$H$32,0)),"") -> Personal Loan | D17: =IFERROR(INDEX('Start Here'!$C$23:$C$32,MATCH(A17,'Start Here'!$H$23:$H$32,0)),"") -> 4000 | E17: =IFERROR(INDEX('Start Here'!$D$23:$D$32,MATCH(A17,'Start Here'!$H$23:$H$32,0)),"") -> 11.99 | F17: =IFERROR(INDEX('Start Here'!$E$23:$E$32,MATCH(A17,'Start Here'!$H$23:$H$32,0)),"") -> 125 | G17: =IF(B17="","",IF(D17<=0,0,F17+'Start Here'!$B$10+SUM($F$14:F16))) -> 415 | H17: =IF(B17="","",IF(G17<=0,"",IFERROR(ROUNDUP(NPER(E17/100/12,-G17,D17),0),ROUNDUP(D17/G17,0)))) -> 11 | I17: =IF(B17="","",H17/12) -> 0.91666667 | J17: =IF(B17="","",MAX((G17*H17)-D17,0)) -> 565
A18: 5 | B18: =IFERROR(INDEX('Start Here'!$A$23:$A$32,MATCH(A18,'Start Here'!$H$23:$H$32,0)),"") -> Federal Student Loan | C18: =IFERROR(INDEX('Start Here'!$B$23:$B$32,MATCH(A18,'Start Here'!$H$23:$H$32,0)),"") -> Student Loan | D18: =IFERROR(INDEX('Start Here'!$C$23:$C$32,MATCH(A18,'Start Here'!$H$23:$H$32,0)),"") -> 9500 | E18: =IFERROR(INDEX('Start Here'!$D$23:$D$32,MATCH(A18,'Start Here'!$H$23:$H$32,0)),"") -> 4.5 | F18: =IFERROR(INDEX('Start Here'!$E$23:$E$32,MATCH(A18,'Start Here'!$H$23:$H$32,0)),"") -> 115 | G18: =IF(B18="","",IF(D18<=0,0,F18+'Start Here'!$B$10+SUM($F$14:F17))) -> 530 | H18: =IF(B18="","",IF(G18<=0,"",IFERROR(ROUNDUP(NPER(E18/100/12,-G18,D18),0),ROUNDUP(D18/G18,0)))) -> 19 | I18: =IF(B18="","",H18/12) -> 1.5833333 | J18: =IF(B18="","",MAX((G18*H18)-D18,0)) -> 570
A19: 6 | B19: =IFERROR(INDEX('Start Here'!$A$23:$A$32,MATCH(A19,'Start Here'!$H$23:$H$32,0)),"") -> Ford Motor Credit | C19: =IFERROR(INDEX('Start Here'!$B$23:$B$32,MATCH(A19,'Start Here'!$H$23:$H$32,0)),"") -> Auto Loan | D19: =IFERROR(INDEX('Start Here'!$C$23:$C$32,MATCH(A19,'Start Here'!$H$23:$H$32,0)),"") -> 12500 | E19: =IFERROR(INDEX('Start Here'!$D$23:$D$32,MATCH(A19,'Start Here'!$H$23:$H$32,0)),"") -> 6.49 | F19: =IFERROR(INDEX('Start Here'!$E$23:$E$32,MATCH(A19,'Start Here'!$H$23:$H$32,0)),"") -> 325 | G19: =IF(B19="","",IF(D19<=0,0,F19+'Start Here'!$B$10+SUM($F$14:F18))) -> 855 | H19: =IF(B19="","",IF(G19<=0,"",IFERROR(ROUNDUP(NPER(E19/100/12,-G19,D19),0),ROUNDUP(D19/G19,0)))) -> 16 | I19: =IF(B19="","",H19/12) -> 1.3333333 | J19: =IF(B19="","",MAX((G19*H19)-D19,0)) -> 1180
A20: 7 | B20: =IFERROR(INDEX('Start Here'!$A$23:$A$32,MATCH(A20,'Start Here'!$H$23:$H$32,0)),"") | C20: =IFERROR(INDEX('Start Here'!$B$23:$B$32,MATCH(A20,'Start Here'!$H$23:$H$32,0)),"") | D20: =IFERROR(INDEX('Start Here'!$C$23:$C$32,MATCH(A20,'Start Here'!$H$23:$H$32,0)),"") | E20: =IFERROR(INDEX('Start Here'!$D$23:$D$32,MATCH(A20,'Start Here'!$H$23:$H$32,0)),"") | F20: =IFERROR(INDEX('Start Here'!$E$23:$E$32,MATCH(A20,'Start Here'!$H$23:$H$32,0)),"") | G20: =IF(B20="","",IF(D20<=0,0,F20+'Start Here'!$B$10+SUM($F$14:F19))) | H20: =IF(B20="","",IF(G20<=0,"",IFERROR(ROUNDUP(NPER(E20/100/12,-G20,D20),0),ROUNDUP(D20/G20,0)))) | I20: =IF(B20="","",H20/12) | J20: =IF(B20="","",MAX((G20*H20)-D20,0))
A21: 8 | B21: =IFERROR(INDEX('Start Here'!$A$23:$A$32,MATCH(A21,'Start Here'!$H$23:$H$32,0)),"") | C21: =IFERROR(INDEX('Start Here'!$B$23:$B$32,MATCH(A21,'Start Here'!$H$23:$H$32,0)),"") | D21: =IFERROR(INDEX('Start Here'!$C$23:$C$32,MATCH(A21,'Start Here'!$H$23:$H$32,0)),"") | E21: =IFERROR(INDEX('Start Here'!$D$23:$D$32,MATCH(A21,'Start Here'!$H$23:$H$32,0)),"") | F21: =IFERROR(INDEX('Start Here'!$E$23:$E$32,MATCH(A21,'Start Here'!$H$23:$H$32,0)),"") | G21: =IF(B21="","",IF(D21<=0,0,F21+'Start Here'!$B$10+SUM($F$14:F20))) | H21: =IF(B21="","",IF(G21<=0,"",IFERROR(ROUNDUP(NPER(E21/100/12,-G21,D21),0),ROUNDUP(D21/G21,0)))) | I21: =IF(B21="","",H21/12) | J21: =IF(B21="","",MAX((G21*H21)-D21,0))
A22: 9 | B22: =IFERROR(INDEX('Start Here'!$A$23:$A$32,MATCH(A22,'Start Here'!$H$23:$H$32,0)),"") | C22: =IFERROR(INDEX('Start Here'!$B$23:$B$32,MATCH(A22,'Start Here'!$H$23:$H$32,0)),"") | D22: =IFERROR(INDEX('Start Here'!$C$23:$C$32,MATCH(A22,'Start Here'!$H$23:$H$32,0)),"") | E22: =IFERROR(INDEX('Start Here'!$D$23:$D$32,MATCH(A22,'Start Here'!$H$23:$H$32,0)),"") | F22: =IFERROR(INDEX('Start Here'!$E$23:$E$32,MATCH(A22,'Start Here'!$H$23:$H$32,0)),"") | G22: =IF(B22="","",IF(D22<=0,0,F22+'Start Here'!$B$10+SUM($F$14:F21))) | H22: =IF(B22="","",IF(G22<=0,"",IFERROR(ROUNDUP(NPER(E22/100/12,-G22,D22),0),ROUNDUP(D22/G22,0)))) | I22: =IF(B22="","",H22/12) | J22: =IF(B22="","",MAX((G22*H22)-D22,0))
A23: 10 | B23: =IFERROR(INDEX('Start Here'!$A$23:$A$32,MATCH(A23,'Start Here'!$H$23:$H$32,0)),"") | C23: =IFERROR(INDEX('Start Here'!$B$23:$B$32,MATCH(A23,'Start Here'!$H$23:$H$32,0)),"") | D23: =IFERROR(INDEX('Start Here'!$C$23:$C$32,MATCH(A23,'Start Here'!$H$23:$H$32,0)),"") | E23: =IFERROR(INDEX('Start Here'!$D$23:$D$32,MATCH(A23,'Start Here'!$H$23:$H$32,0)),"") | F23: =IFERROR(INDEX('Start Here'!$E$23:$E$32,MATCH(A23,'Start Here'!$H$23:$H$32,0)),"") | G23: =IF(B23="","",IF(D23<=0,0,F23+'Start Here'!$B$10+SUM($F$14:F22))) | H23: =IF(B23="","",IF(G23<=0,"",IFERROR(ROUNDUP(NPER(E23/100/12,-G23,D23),0),ROUNDUP(D23/G23,0)))) | I23: =IF(B23="","",H23/12) | J23: =IF(B23="","",MAX((G23*H23)-D23,0))

Sheet Monthly Progress
A1: Money Habits Debt Payoff Progress Tracker
A3: Use this tab to track your actual progress each month. Enter the month-end total debt balance and payments made.
A6: Month | B6: Starting Debt | C6: Ending Debt Balance | D6: Payments Made | E6: Debt Reduced | F6: Progress %
A7: =EDATE('Start Here'!$H$10,0) -> 46207 | B7: ='Start Here'!$B$11 -> 31550 | E7: =IF(C7="","",B7-C7) | F7: =IF(C7="","",IFERROR(('Start Here'!$B$11-C7)/'Start Here'!$B$11,""))
A8: =EDATE('Start Here'!$H$10,1) -> 46238 | B8: =IF(C7="","",C7) | E8: =IF(C8="","",B8-C8) | F8: =IF(C8="","",IFERROR(('Start Here'!$B$11-C8)/'Start Here'!$B$11,""))
A9: =EDATE('Start Here'!$H$10,2) -> 46269 | B9: =IF(C8="","",C8) | E9: =IF(C9="","",B9-C9) | F9: =IF(C9="","",IFERROR(('Start Here'!$B$11-C9)/'Start Here'!$B$11,""))
A10: =EDATE('Start Here'!$H$10,3) -> 46299 | B10: =IF(C9="","",C9) | E10: =IF(C10="","",B10-C10) | F10: =IF(C10="","",IFERROR(('Start Here'!$B$11-C10)/'Start Here'!$B$11,""))
A11: =EDATE('Start Here'!$H$10,4) -> 46330 | B11: =IF(C10="","",C10) | E11: =IF(C11="","",B11-C11) | F11: =IF(C11="","",IFERROR(('Start Here'!$B$11-C11)/'Start Here'!$B$11,""))
A12: =EDATE('Start Here'!$H$10,5) -> 46360 | B12: =IF(C11="","",C11) | E12: =IF(C12="","",B12-C12) | F12: =IF(C12="","",IFERROR(('Start Here'!$B$11-C12)/'Start Here'!$B$11,""))
A13: =EDATE('Start Here'!$H$10,6) -> 46391 | B13: =IF(C12="","",C12) | E13: =IF(C13="","",B13-C13) | F13: =IF(C13="","",IFERROR(('Start Here'!$B$11-C13)/'Start Here'!$B$11,""))
A14: =EDATE('Start Here'!$H$10,7) -> 46422 | B14: =IF(C13="","",C13) | E14: =IF(C14="","",B14-C14) | F14: =IF(C14="","",IFERROR(('Start Here'!$B$11-C14)/'Start Here'!$B$11,""))
A15: =EDATE('Start Here'!$H$10,8) -> 46450 | B15: =IF(C14="","",C14) | E15: =IF(C15="","",B15-C15) | F15: =IF(C15="","",IFERROR(('Start Here'!$B$11-C15)/'Start Here'!$B$11,""))
A16: =EDATE('Start Here'!$H$10,9) -> 46481 | B16: =IF(C15="","",C15) | E16: =IF(C16="","",B16-C16) | F16: =IF(C16="","",IFERROR(('Start Here'!$B$11-C16)/'Start Here'!$B$11,""))
A17: =EDATE('Start Here'!$H$10,10) -> 46511 | B17: =IF(C16="","",C16) | E17: =IF(C17="","",B17-C17) | F17: =IF(C17="","",IFERROR(('Start Here'!$B$11-C17)/'Start Here'!$B$11,""))
A18: =EDATE('Start Here'!$H$10,11) -> 46542 | B18: =IF(C17="","",C17) | E18: =IF(C18="","",B18-C18) | F18: =IF(C18="","",IFERROR(('Start Here'!$B$11-C18)/'Start Here'!$B$11,""))
A19: =EDATE('Start Here'!$H$10,12) -> 46572 | B19: =IF(C18="","",C18) | E19: =IF(C19="","",B19-C19) | F19: =IF(C19="","",IFERROR(('Start Here'!$B$11-C19)/'Start Here'!$B$11,""))
A20: =EDATE('Start Here'!$H$10,13) -> 46603 | B20: =IF(C19="","",C19) | E20: =IF(C20="","",B20-C20) | F20: =IF(C20="","",IFERROR(('Start Here'!$B$11-C20)/'Start Here'!$B$11,""))
A21: =EDATE('Start Here'!$H$10,14) -> 46634 | B21: =IF(C20="","",C20) | E21: =IF(C21="","",B21-C21) | F21: =IF(C21="","",IFERROR(('Start Here'!$B$11-C21)/'Start Here'!$B$11,""))
A22: =EDATE('Start Here'!$H$10,15) -> 46664 | B22: =IF(C21="","",C21) | E22: =IF(C22="","",B22-C22) | F22: =IF(C22="","",IFERROR(('Start Here'!$B$11-C22)/'Start Here'!$B$11,""))
A23: =EDATE('Start Here'!$H$10,16) -> 46695 | B23: =IF(C22="","",C22) | E23: =IF(C23="","",B23-C23) | F23: =IF(C23="","",IFERROR(('Start Here'!$B$11-C23)/'Start Here'!$B$11,""))
A24: =EDATE('Start Here'!$H$10,17) -> 46725 | B24: =IF(C23="","",C23) | E24: =IF(C24="","",B24-C24) | F24: =IF(C24="","",IFERROR(('Start Here'!$B$11-C24)/'Start Here'!$B$11,""))
A25: =EDATE('Start Here'!$H$10,18) -> 46756 | B25: =IF(C24="","",C24) | E25: =IF(C25="","",B25-C25) | F25: =IF(C25="","",IFERROR(('Start Here'!$B$11-C25)/'Start Here'!$B$11,""))
A26: =EDATE('Start Here'!$H$10,19) -> 46787 | B26: =IF(C25="","",C25) | E26: =IF(C26="","",B26-C26) | F26: =IF(C26="","",IFERROR(('Start Here'!$B$11-C26)/'Start Here'!$B$11,""))
A27: =EDATE('Start Here'!$H$10,20) -> 46816 | B27: =IF(C26="","",C26) | E27: =IF(C27="","",B27-C27) | F27: =IF(C27="","",IFERROR(('Start Here'!$B$11-C27)/'Start Here'!$B$11,""))
A28: =EDATE('Start Here'!$H$10,21) -> 46847 | B28: =IF(C27="","",C27) | E28: =IF(C28="","",B28-C28) | F28: =IF(C28="","",IFERROR(('Start Here'!$B$11-C28)/'Start Here'!$B$11,""))
A29: =EDATE('Start Here'!$H$10,22) -> 46877 | B29: =IF(C28="","",C28) | E29: =IF(C29="","",B29-C29) | F29: =IF(C29="","",IFERROR(('Start Here'!$B$11-C29)/'Start Here'!$B$11,""))
A30: =EDATE('Start Here'!$H$10,23) -> 46908 | B30: =IF(C29="","",C29) | E30: =IF(C30="","",B30-C30) | F30: =IF(C30="","",IFERROR(('Start Here'!$B$11-C30)/'Start Here'!$B$11,""))

Sheet Instructions
A1: Money Habits Debt Eliminator Planner Worksheet – Instructions
A3: How to use this workbook
A4: 1. Start on the Start Here tab. Replace the sample debts with your own balances, interest rates, and minimum payments.
A5: 2. Enter the extra amount you can pay toward debt each month. This amount is added to your minimum payments.
A6: 3. Choose either Debt Snowball or Debt Avalanche.
A7: Debt Snowball pays the smallest balance first. This can create faster visible wins.
A8: Debt Avalanche pays the highest interest rate first. This may reduce interest cost over time.
A9: 4. Review the Payoff Planner tab to see the estimated payoff order and timeline.
A10: 5. Use the Monthly Progress tab to track your actual results over time.
A11: Payment This Month means what you would pay right now. The first unpaid debt gets the extra payment. Debts below it stay at minimum payment until earlier debts are paid off.
A12: This workbook is designed for awareness and planning. It is not financial, legal, or tax advice.

Sheet Lists
A1: Debt Type | C1: Strategy | E1: Setup lists for dropdowns. Users do not need to edit this tab.
A2: Credit Card | C2: Debt Snowball
A3: Store Card | C3: Debt Avalanche
A4: Personal Loan
A5: Auto Loan
A6: Student Loan
A7: Mortgage
A8: Home Equity Loan
A9: Other Debt
